Workbook
Name Mon__Tue: Solver!$C$6
Name Sat__Sun: Solver!$C$10
Name Sun__Mon: Solver!$C$11
Name Thu__Fri: Solver!$C$9
Name Tue__Wed: Solver!$C$7
Name Wed__Thu: Solver!$C$8

Sheet Data sheet
A1: Name
D2: TATA Tree Nursery | G2: This is the stock list assumed for TATA tree nursery
D3: Date | G3: The data has been formulated randomly
A7: Number | B7: Group | C7: Name | D7: Price | E7: Quantity
A8: 1 | B8: Oak | C8: Golden Oak | D8: 107 | E8: 76
A9: 2 | B9: Oak | C9: Columnar English | D9: 106 | E9: 33
A10: 3 | B10: Oak | C10: Coral Bark | D10: 105 | E10: 57
A11: 4 | B11: Oak | C11: Crimson King | D11: 104 | E11: 17
A12: 5 | B12: Oak | C12: Sentry | D12: 107 | E12: 87
A13: 6 | B13: Oak | C13: Emerald Elf | D13: 102 | E13: 110
A14: 7 | B14: Oak | C14: Fernleaf | D14: 104 | E14: 100
A15: 8 | B15: Oak | C15: Osakazuki | D15: 102 | E15: 171
A16: 9 | B16: Oak | C16: Palo Alto | D16: 101 | E16: 73
A17: 10 | B17: Oak | C17: Pacific Fire | D17: 102 | E17: 91
A18: 11 | B18: Oak | C18: Embers | D18: 104 | E18: 56
A19: 12 | B19: Cherry | C19: Japanese Blooming | D19: 102 | E19: 73
... A34: 27 | B34: Pear | C34: Bradford | D34: 103 | E34: 348

Sheet 5 functions
A1: Name
A3: Date
A4: TATA Tree Nursery
A5: 2020, March
I6: This is the list of stock for TATA tree nurser: Using Max function to display the highest price of the trees Using Min function to display the lowest price of the trees Using Median function to display the median price of the trees Using Average function to display the average price of the trees Using Auto Sum function to add the quantity in stock of each tree category and total tree in stock
F7: Total Oak Tree | G7: =SUM(E16:E26) -> 871
C8: Average Price | D8: =AVERAGE(D16:D42) -> 105.88889 | F8: Total Cherry Tree | G8: =SUM(E27:E30) -> 441
C9: Median Price | D9: =MEDIAN(D16:D42) -> 106 | F9: Total Magnolia Tree | G9: =E31 -> 112
C10: Lowest Price | D10: =MIN(D16:D42) -> 101 | F10: Total Maple Tree | G10: =SUM(E32:E37) -> 559
C11: Highest Price | D11: =MAX(D16:D42) -> 116 | F11: Total Pear Tree | G11: =SUM(E38:E42) -> 752
F12: Total Trees in Stock | G12: =SUM(G7:G11) -> 2735
A15: Number | B15: Group | C15: Name | D15: Price | E15: Quantity
A16: 1 | B16: Oak | C16: Golden Oak | D16: 107 | E16: 76
A17: 2 | B17: Oak | C17: Columnar English | D17: 106 | E17: 33
A18: 3 | B18: Oak | C18: Coral Bark | D18: 105 | E18: 57
A19: 4 | B19: Oak | C19: Crimson King | D19: 104 | E19: 17
A20: 5 | B20: Oak | C20: Sentry | D20: 107 | E20: 87
A21: 6 | B21: Oak | C21: Emerald Elf | D21: 102 | E21: 110
A22: 7 | B22: Oak | C22: Fernleaf | D22: 104 | E22: 100
A23: 8 | B23: Oak | C23: Osakazuki | D23: 102 | E23: 171
A24: 9 | B24: Oak | C24: Palo Alto | D24: 101 | E24: 73
A25: 10 | B25: Oak | C25: Pacific Fire | D25: 102 | E25: 91
A26: 11 | B26: Oak | C26: Embers | D26: 104 | E26: 56
A27: 12 | B27: Cherry | C27: Japanese Blooming | D27: 102 | E27: 73
... A42: 27 | B42: Pear | C42: Bradford | D42: 103 | E42: 348

Sheet Chart of Tree Stock
A1: Thao Chau | C1: Name
A2: TATA Tree Nursery
A3: 2020, March
A5: Item # | B5: Category | C5: Tree Name | D5: Retail Price | E5: Light | F5: Landscape Use | G5: Quantity in Stock
A6: 13129 | B6: Oak | C6: Golden Oak | D6: 108.99 | E6: Partial Sun | F6: Erosion | G6: 78
A7: 13358 | B7: Oak | C7: Columnar English | D7: 106.95 | E7: Full Shade | F7: Border | G7: 35
A8: 15688 | B8: Oak | C8: Coral Bark | D8: 106.25 | E8: Partial Shade | F8: Erosion | G8: 60
A9: 16555 | B9: Oak | C9: Crimson King | D9: 105.5 | E9: Full Shade | F9: Border | G9: 20
A10: 26787 | B10: Oak | C10: Sentry | D10: 108.5 | E10: Partial Sun | F10: Border | G10: 90
A11: 34793 | B11: Oak | C11: Emerald Elf | D11: 103.98 | E11: Full Shade | F11: Erosion | G11: 113
A12: 34982 | B12: Oak | C12: Fernleaf | D12: 105.99 | E12: Partial Shade | F12: Border | G12: 102
A13: 37803 | B13: Oak | C13: Osakazuki | D13: 103.88 | E13: Full Shade | F13: Erosion | G13: 173
A14: 38675 | B14: Oak | C14: Palo Alto | D14: 102.99 | E14: Partial Shade | F14: Erosion | G14: 75
A15: 38700 | B15: Oak | C15: Pacific Fire | D15: 103.75 | E15: Full Shade | F15: Erosion | G15: 93
A16: 39704 | B16: Oak | C16: Embers | D16: 105.99 | E16: Partial Sun | F16: Erosion | G16: 58
A17: 21683 | B17: Cherry | C17: Japanese Blooming | D17: 103.99 | E17: Partial Shade | F17: Erosion | G17: 75
... A32: 43153 | B32: Pear | C32: Bradford | D32: 104.99 | E32: Full Shade | F32: Border | G32: 350
C34: Total Oak Tree | D34: ='5 functions'!G7 -> 871 | E34: =D34/D39 -> 0.31846435
C35: Total Cherry Tree | D35: ='5 functions'!G8 -> 441 | E35: =D35/D39 -> 0.16124314
C36: Total Magnolia Tree | D36: ='5 functions'!G9 -> 112 | E36: =D36/D39 -> 0.04095064
C37: Total Maple Tree | D37: ='5 functions'!G10 -> 559 | E37: =D37/D39 -> 0.20438757
C38: Total Pear Tree | D38: ='5 functions'!G11 -> 752 | E38: =D38/D39 -> 0.2749543
C39: Total Tree in Stock | D39: =SUM(D34:D38) -> 2735 | E39: =D39/D39 -> 1
H41: The chart gives us the portion of each tree category in the total quanity in stock. Oak tree, Pear tree, Maple tree, Cherry tree, and Magnolia ocupies 32%, 27%,20%,16%, and 4% in quantity in stock respectively.

Sheet Autofilter
A1: Name
A2: TATA Tree Nursery
A3: 2020, March
H6: Autofilter is used to display the quantity in oak and stock of Cherry Tree with the quantity above 72%, to place new order for these type of trees.
A10: Number | B10: Group | C10: Name | D10: Price | E10: Quantity
A11: 1 | B11: Oak | C11: Golden Oak | D11: 107 | E11: 76
A12: 2 | B12: Oak | C12: Columnar English | D12: 106 | E12: 33
A13: 3 | B13: Oak | C13: Coral Bark | D13: 105 | E13: 57
A14: 4 | B14: Oak | C14: Crimson King | D14: 104 | E14: 17
A15: 5 | B15: Oak | C15: Sentry | D15: 107 | E15: 87
A16: 6 | B16: Oak | C16: Emerald Elf | D16: 102 | E16: 110
A17: 7 | B17: Oak | C17: Fernleaf | D17: 104 | E17: 100
A18: 8 | B18: Oak | C18: Osakazuki | D18: 102 | E18: 171
A19: 9 | B19: Oak | C19: Palo Alto | D19: 101 | E19: 73
A20: 10 | B20: Oak | C20: Pacific Fire | D20: 102 | E20: 91
A21: 11 | B21: Oak | C21: Embers | D21: 104 | E21: 56
A22: 12 | B22: Cherry | C22: Japanese Blooming | D22: 102 | E22: 73
... A37: 27 | B37: Pear | C37: Bradford | D37: 103 | E37: 348

Sheet Sort & conditional formatting
A1: Name
A3: TATA Tree Nursery
A4: 2020, March
I6: Sort command is utilized in grouping the sheet from A to Z, price from smallest to largest, and light from A to Z. Conditional formatting is also utilized to highlight trees with quantity in stock lower than 70. Combing sort command and conditional formatting help us to point out the tree with low stock so that we can place new order on time.
A13: Number | B13: Group | C13: Name | D13: Price | E13: Quantity
A14: 4 | B14: Oak | C14: Crimson King | D14: 104 | E14: 17
A15: 2 | B15: Oak | C15: Columnar English | D15: 106 | E15: 33
A16: 15 | B16: Cherry | C16: Cheals Weeping | D16: 103 | E16: 43
A17: 11 | B17: Oak | C17: Embers | D17: 104 | E17: 56
A18: 3 | B18: Oak | C18: Coral Bark | D18: 105 | E18: 57
A19: 25 | B19: Pear | C19: Bartlett | D19: 108 | E19: 58
A20: 17 | B20: Maple | C20: Black Japanese | D20: 106 | E20: 66
A21: 21 | B21: Maple | C21: Butterfly Japanese | D21: 110 | E21: 68
A22: 23 | B22: Pear | C22: Artist Flowering | D22: 108 | E22: 69
A23: 9 | B23: Oak | C23: Palo Alto | D23: 101 | E23: 73
A24: 12 | B24: Cherry | C24: Japanese Blooming | D24: 102 | E24: 73
A25: 1 | B25: Oak | C25: Golden Oak | D25: 107 | E25: 76
... A40: 27 | B40: Pear | C40: Bradford | D40: 103 | E40: 348

Sheet Subtotals
A1: Name
A3: TATA Tree Nursery
A4: 2020, March
H7: Subtotals are utilized to show the subtotals of quantity in stock of each tree group.
A12: Number | B12: Group | C12: Name | D12: Price | E12: Quantity
A13: 1 | B13: Oak | C13: Golden Oak | D13: 107 | E13: 76
A14: 2 | B14: Oak | C14: Columnar English | D14: 106 | E14: 33
A15: 3 | B15: Oak | C15: Coral Bark | D15: 105 | E15: 57
A16: 4 | B16: Oak | C16: Crimson King | D16: 104 | E16: 17
A17: 5 | B17: Oak | C17: Sentry | D17: 107 | E17: 87
A18: 6 | B18: Oak | C18: Emerald Elf | D18: 102 | E18: 110
A19: 7 | B19: Oak | C19: Fernleaf | D19: 104 | E19: 100
A20: 8 | B20: Oak | C20: Osakazuki | D20: 102 | E20: 171
A21: 9 | B21: Oak | C21: Palo Alto | D21: 101 | E21: 73
A22: 10 | B22: Oak | C22: Pacific Fire | D22: 102 | E22: 91
A23: 11 | B23: Oak | C23: Embers | D23: 104 | E23: 56
E24: =SUBTOTAL(9,E13:E23) -> 871 | H24: Average Price | I24: =AVERAGE(D13:D23) -> 104
A25: 12 | B25: Cherry | C25: Japanese Blooming | D25: 102 | E25: 73
A26: 13 | B26: Cherry | C26: Bing Small Sweet | D26: 104 | E26: 157
A27: 14 | B27: Cherry | C27: Bing Sweet | D27: 106 | E27: 168
A28: 15 | B28: Cherry | C28: Cheals Weeping | D28: 103 | E28: 43
E29: =SUBTOTAL(9,E25:E28) -> 441 | H29: Average Price | I29: =AVERAGE(D25:D28) -> 103.75
A30: 16 | B30: Magnolia | C30: Anna | D30: 116 | E30: 112
E31: =SUBTOTAL(9,E30) -> 112 | H31: Average Price | I31: =AVERAGE(E30) -> 112
A32: 17 | B32: Maple | C32: Black Japanese | D32: 106 | E32: 66
A33: 18 | B33: Maple | C33: Bloodgood | D33: 109 | E33: 177
A34: 19 | B34: Maple | C34: Burgundy Bell | D34: 109 | E34: 79
A35: 20 | B35: Maple | C35: Lace Maple | D35: 108 | E35: 79
A36: 21 | B36: Maple | C36: Butterfly Japanese | D36: 110 | E36: 68
A37: 22 | B37: Maple | C37: Ever Red | D37: 109 | E37: 90
E38: =SUBTOTAL(9,E32:E37) -> 559 | H38: Average Price | I38: =AVERAGE(D32:D37) -> 108.5
A39: 23 | B39: Pear | C39: Artist Flowering | D39: 108 | E39: 69
A40: 24 | B40: Pear | C40: Ginger Pear | D40: 106 | E40: 189
A41: 25 | B41: Pear | C41: Bartlett | D41: 108 | E41: 58
A42: 26 | B42: Pear | C42: Beurre | D42: 108 | E42: 88
A43: 27 | B43: Pear | C43: Bradford | D43: 103 | E43: 348
E44: =SUBTOTAL(9,E39:E43) -> 752 | H44: Average Price | I44: =AVERAGE(D39:D43) -> 106.6
B45: Grand Total | E45: =SUM(E24,E29,E31,E38,E44) -> 2735

Sheet IF Function
A1: Name
A3: TATA Tree Nursery
A4: 2020, March
I6: Using IF function in assists to check the level of stock of each tree. If the stock level is less than 70, then the word "Order" will display in the level of stock column and company will place new order.
A11: Number | B11: Group | C11: Name | D11: Price | E11: Quantity | F11: Level of Stock
A12: 1 | B12: Oak | C12: Golden Oak | D12: 107 | E12: 76 | F12: =IF(E12<70,"Order","Ok") -> Ok
A13: 2 | B13: Oak | C13: Columnar English | D13: 106 | E13: 33 | F13: =IF(E13<70,"Order","Ok") -> Order
A14: 3 | B14: Oak | C14: Coral Bark | D14: 105 | E14: 57 | F14: =IF(E14<70,"Order","Ok") -> Order
A15: 4 | B15: Oak | C15: Crimson King | D15: 104 | E15: 17 | F15: =IF(E15<70,"Order","Ok") -> Order
A16: 5 | B16: Oak | C16: Sentry | D16: 107 | E16: 87 | F16: =IF(E16<70,"Order","Ok") -> Ok
A17: 6 | B17: Oak | C17: Emerald Elf | D17: 102 | E17: 110 | F17: =IF(E17<70,"Order","Ok") -> Ok
A18: 7 | B18: Oak | C18: Fernleaf | D18: 104 | E18: 100 | F18: =IF(E18<70,"Order","Ok") -> Ok
A19: 8 | B19: Oak | C19: Osakazuki | D19: 102 | E19: 171 | F19: =IF(E19<70,"Order","Ok") -> Ok
A20: 9 | B20: Oak | C20: Palo Alto | D20: 101 | E20: 73 | F20: =IF(E20<70,"Order","Ok") -> Ok
A21: 10 | B21: Oak | C21: Pacific Fire | D21: 102 | E21: 91 | F21: =IF(E21<70,"Order","Ok") -> Ok
A22: 11 | B22: Oak | C22: Embers | D22: 104 | E22: 56 | F22: =IF(E22<70,"Order","Ok") -> Order
A23: 12 | B23: Cherry | C23: Japanese Blooming | D23: 102 | E23: 73 | F23: =IF(E23<70,"Order","Ok") -> Ok
... A38: 27 | B38: Pear | C38: Bradford | D38: 103 | E38: 348 | F38: =IF(E38<70,"Order","Ok") -> Ok

Sheet Pivot Table 
A2: Group | B2: (ALL)
A4: Price | B4: Quantity | C4: Count of Group
A5: 103.75 | C5: 1
B6: 441 | C6: 1
A7: 104 | C7: 1
B8: 781 | C8: 1
A9: 106.6 | C9: 1
B10: 752 | C10: 1
A11: 108.5 | C11: 1
B12: 559 | C12: 1
A13: 112 | C13: 1
B14: 112 | C14: 1
A15: Grand Total | C15: 5
A20: Using Pivot Table and Pivot Chart help to visualize the quantity in stock of each tree group specifically in price and quantity

Sheet Thao-Pivot Chart

Sheet Goal Seek
A1: Name
A3: Car Loan | F3: I want to purchase a car. I can afford down payment $60,000, and monthly payment $500. With the interest rate 3% and the period in 5 years, how much is the house I can buy? Using Goal Seek command to solve this problem. The result displays that I can buy a house with price $90,000
A5: Purchased price | B5: =B6+(B6*B9*B8) -> 90000
A6: Down payment | B6: 69230.769
A7: Amount of loan | B7: 100000
A8: Period (years) | B8: 10
A9: Interest rate (per year) | B9: 0.03
A11: Payment (per month) | B11: =-PMT(B9/12,B8*12,B7) -> 965.60745

Sheet Data sheet for Solver
A1: Name
A3: TATA Tables and Chairs
L4: TATA furniture produces tables and chairs, which are processed by two machines V1 and V2. The table beside illustrates the required time in hours to produce one chair and table. A total of 150 h are allowed for machine V1 while 250 h for machine V2. The sales contribution from table is $35 while chair is $25. The problem is to determine the optimum mix of chairs and table to realise the maximum revenue.
A6: Machine | B6: Chair | C6: Table
A7: V1 | B7: 10 | C7: 6
A8: V2 | B8: 6 | C8: 8
B10: Chair | C10: Table | D10: Total | E10: Maximum Capacity
A11: Decision Variables
A12: Contribution | B12: 25 | C12: 35 | D12: =B12*B11+C12*C11 -> 0
A14: Constraints
A15: V1 | B15: 10 | C15: 6 | D15: =B15*B11+C15*C11 -> 0 | E15: 150
A16: V2 | B16: 6 | C16: 8 | D16: =B16*B11+C16*C11 -> 0 | E16: 250

Sheet Answer Report 1
A1: Microsoft Excel 16.0 Answer Report
A2: Worksheet: [Excel Project Example(1).xlsx]Solver
A3: Report Created: 3/3/2020 7:02:41 AM
A4: Result: Solver found a solution. All Constraints and optimality conditions are satisfied.
A5: Solver Engine
B6: Engine: GRG Nonlinear
B7: Solution Time: 0.016 Seconds.
B8: Iterations: 0 Subproblems: 0
A9: Solver Options
B10: Max Time Unlimited, Iterations Unlimited, Precision 0.000001, Use Automatic Scaling
B11: Convergence 0.0001, Population Size 100, Random Seed 0, Derivatives Forward, Require Bounds
B12: Max Subproblems Unlimited, Max Integer Sols Unlimited, Integer Tolerance 1%, Assume NonNegative
A14: Objective Cell (Max)
B15: Cell | C15: Name | D15: Original Value | E15: Final Value
B16: $D$12 | C16: Contribution Total | D16: 875 | E16: 875
A19: Variable Cells
B20: Cell | C20: Name | D20: Original Value | E20: Final Value | F20: Integer
B21: $B$11 | C21: Decision Variables Chair | D21: 0 | E21: 0 | F21: Contin
B22: $C$11 | C22: Sun__Mon | D22: 25 | E22: 25 | F22: Contin
A25: Constraints
B26: Cell | C26: Name | D26: Cell Value | E26: Formula | F26: Status | G26: Slack
B27: $D$15 | C27: V1 Total | D27: 150 | E27: $D$15<=$E$15 | F27: Binding | G27: 0
B28: $D$16 | C28: V2 Total | D28: 200 | E28: $D$16<=$E$16 | F28: Not Binding | G28: 50

Sheet Sensitivity Report 1
A1: Microsoft Excel 16.0 Sensitivity Report
A2: Worksheet: [Excel Project Example(1).xlsx]Solver
A3: Report Created: 3/3/2020 7:02:41 AM
A6: Variable Cells
D7: Final | E7: Reduced
B8: Cell | C8: Name | D8: Value | E8: Gradient
B9: $B$11 | C9: Decision Variables Chair | D9: 0 | E9: -33.333336
B10: $C$11 | C10: Sun__Mon | D10: 25 | E10: 0
A12: Constraints
D13: Final | E13: Lagrange
B14: Cell | C14: Name | D14: Value | E14: Multiplier
B15: $D$15 | C15: V1 Total | D15: 150 | E15: 5.8333333
B16: $D$16 | C16: V2 Total | D16: 200 | E16: 0

Sheet Limits Report 1
A1: Microsoft Excel 16.0 Limits Report
A2: Worksheet: [Excel Project Example(1).xlsx]Solver
A3: Report Created: 3/3/2020 7:02:42 AM
C6: Objective
B7: Cell | C7: Name | D7: Value
B8: $D$12 | C8: Contribution Total | D8: 875
C11: Variable | F11: Lower | G11: Objective | I11: Upper | J11: Objective
B12: Cell | C12: Name | D12: Value | F12: Limit | G12: Result | I12: Limit | J12: Result
B13: $B$11 | C13: Decision Variables Chair | D13: 0 | F13: 0 | G13: 875 | I13: 0 | J13: 875
B14: $C$11 | C14: Sun__Mon | D14: 25 | F14: 0 | G14: 0 | I14: 25 | J14: 875

Sheet Solver
A1: Name
A3: TATA Tables and Chairs
L4: According to the solver, the maximum contribution $875
A6: Machine | B6: Chair | C6: Table
A7: V1 | B7: 10 | C7: 6
A8: V2 | B8: 6 | C8: 8
B10: Chair | C10: Table | D10: Total | E10: Maximum Capacity
A11: Decision Variables | B11: 0 | C11: 25
A12: Contribution | B12: 25 | C12: 35 | D12: =B12*B11+C12*C11 -> 875
A14: Constraints
A15: V1 | B15: 10 | C15: 6 | D15: =B15*B11+C15*C11 -> 150 | E15: 150
A16: V2 | B16: 6 | C16: 8 | D16: =B16*B11+C16*C11 -> 200 | E16: 250
